Map: Dusk Towers

Players

Nikelaren

  • Race: Protoss Protoss
  • League: Platinum

LilDicky - Winner!

  • Race: Terran Terran
  • League: Diamond

VOD

http://www.twitch.tv/tumescentpie

Description

Time

  • Played on: Nov. 30, 2015, 5:41 p.m.
  • Length: 6:03
Show
View Real Time Build Order
Export as new Build Order

Nikelaren Protoss 

Build Orders:  

Get SALT Encoding   

  12  0:01  Probe (Chrono Boost)  
  13  0:11  Probe (Chrono Boost)  
  14  0:19  Pylon  
  14  0:28  Probe (Chrono Boost)  
  15  0:38  Probe (Chrono Boost)  
  15  0:40  Gateway  
  16  0:49  Probe (Chrono Boost), Assimilator  
  17  0:59  Probe (Chrono Boost)  
  17  1:03  Pylon  
  18  1:10  Probe (Chrono Boost)  
  19  1:22  Probe (Chrono Boost)  
  20  1:27  Cybernetics Core  
  20  1:33  Probe (Chrono Boost)  
  21  1:43  Probe (Chrono Boost)  
  22  1:58  Nexus  
  22  1:59  Probe (Chrono Boost)  
  23  2:04  Warp Gate (Chrono Boost)  
  23  2:09  Gateway  
  23  2:14  Assimilator  
  22  2:19  Adept (Chrono Boost)  
  24  2:40  Robotics Facility  
  24  2:41  Probe (Chrono Boost)  
  25  2:53  Mothership Core (Chrono Boost)  
  27  3:05  Adept x2  
  31  3:12  Probe (Chrono Boost)  
  28  3:42  Observer (Chrono Boost)  
  28  3:47  Probe  
  28  3:48  Probe  
  29  3:51  Assimilator  
  30  3:57  Probe (Chrono Boost)  
  30  4:00  Probe (Chrono Boost)  
  32  4:09  Probe (Chrono Boost)  
  33  4:12  Probe (Chrono Boost)  
  30  4:20  Probe (Chrono Boost)  
  31  4:27  Probe (Chrono Boost)  
  31  4:31  Probe (Chrono Boost)  
  33  4:37  Probe (Chrono Boost)  
  34  4:41  Probe (Chrono Boost)  
  35  4:48  Probe (Chrono Boost), Robotics Bay  
  35  4:49  Gateway  
  35  4:52  Probe (Chrono Boost)  
  37  4:55  Pylon  
  37  4:57  Pylon  
  37  4:59  Probe (Chrono Boost)  
  38  5:02  Probe (Chrono Boost)  
  39  5:09  Probe (Chrono Boost)  
  40  5:14  Pylon  
  40  5:22  Probe x2 (Chrono Boost)  
  42  5:29  Adept x2  
  50  5:49  Adept x2  
  50  5:50  Adept  
Show
View Real Time Build Order
Export as new Build Order

LilDicky Terran - Winner!

Build Orders:  

Get SALT Encoding   

  12  0:02  SCV  
  14  0:14  SCV  
  14  0:19  Supply Depot  
  14  0:27  SCV  
  14  0:28  Refinery  
  15  0:41  SCV  
  16  0:46  Barracks  
  16  0:53  SCV  
  17  1:02  Supply Depot  
  17  1:10  SCV  
  18  1:22  SCV  
  19  1:33  Marine  
  19  1:34  Orbital Command  
  19  1:37  Factory  
  20  1:53  Marine  
  22  2:01  SCV  
  22  2:16  Barracks Reactor  
  22  2:18  Barracks  
  22  2:20  Barracks  
  22  2:27  SCV  
  23  2:32  Refinery  
  23  2:33  Supply Depot  
  23  2:35  Widow Mine  
  25  2:46  SCV  
  26  2:53  Marine x2  
  27  2:58  SCV  
  27  3:03  Widow Mine  
  30  3:07  Barracks Tech Lab x2  
  30  3:10  SCV  
  31  3:15  Marine x2  
  33  3:20  Supply Depot  
  33  3:46  Stimpack  
  33  3:47  Marauder x2, Marine x2  
  39  3:50  SCV  
  39  3:51  Starport  
  38  4:03  SCV  
  38  4:05  Marine x2  
  41  4:15  Marauder x2  
  45  4:20  Supply Depot, SCV  
  45  4:22  Marine  
  45  4:23  Marine  
  48  4:30  Medivac  
  50  4:37  SCV  
  51  4:40  Supply Depot  
  51  4:41  Marauder x2  
  53  4:50  Marine  
  53  4:52  Concussive Shells  
  54  5:00  Medivac  
  54  5:02  Marauder  
  60  5:07  Marauder  
  60  5:22  Widow Mine  
  60  5:25  Marauder, Marine  
  60  5:28  Marauder  
  67  5:30  Supply Depot  
Tags
 
Add a new tag
Caveats
  • Supply blocks, unpowered buildings, or Contaminate may cause inaccurate times.
  • Supply counts are checked every 10 seconds.